 Dungeon Sprint DCSS version 0.24.0-13-gcf9b319 (webtiles) character file.

Game seed: 3994360899754499115, levelgen mode: deterministic

18179 Fang the Warrior (level 12, -6/88 HPs)
             Began as a Gargoyle Berserker on Nov 18, 2019.
             Was the Champion of Trog.
             Mangled by an infernal warmonger
             ... wielding a +0 vampiric great sword
              (25 damage)
             ... in the Dungeon (Sprint V: "Ziggurat Sprint").
             The game lasted 00:03:27 (915 turns).

Fang the Warrior (Gargoyle Berserker)                Turns: 915, Time: 00:03:28

Health: -6/88      AC: 42    Str: 31    XL:     12   Next: 55%
Magic:  0/12       EV:  7    Int:  6    God:    Trog [******]
Gold:   0          SH: 32    Dex:  7    Spells: 11/11 levels left

rFire    + . .     SeeInvis +   F - +14 obsidian axe {chop, +Fly SInv *Curse} (curse)
rCold    x . .     Gourm    .   E - +18 shield of the Gong {rElec rN+ MR+ EV-5}
rNeg     + + .     Faith    .   b - +15 Maxwell's patent armour {-Cast -Tele rElec MR+ rCorr}
rPois    ∞         Spirit   .   B - +0 helmet {SInv}
rElec    +         Reflect  .   (no cloak)
rCorr    +         Harm     .   (no gloves)
MR       ++++.     NoTele   +   (no boots) Stlth ..........NoCast +
                                L - amulet "Maneof" {Acrobat rF+ Str+3 Int-3}
HPRegen  0.24/turn              D - +6 ring of strength
MPRegen  0.13/turn              O - ring "Qodor" {rC- MR++ Str-3 Dex-2 Slay+4} (curse)

@: mesmerised, silenced
A: negative energy resistance 1, electricity resistance, unbreathing,
petrification resistance, rot immunity, AC +8
a: Renounce Religion, Evoke Flight


You were in the Dungeon.
You worshipped Trog.
Trog was exalted by your worship.
You were not hungry.

You visited 1 branch

Inventory:

Hand Weapons
 a - a +5 broad axe of venom
 F - the cursed +14 obsidian axe (weapon) {chop, +Fly SInv *Curse}
   (You found it in the Dungeon)

   It inflicts extra damage upon your enemies.
   It lets you see invisible.
   It lets you fly.
   It curses itself when equipped.
   It has a curse placed upon it.
 K - a +4 antimagic broad axe
 N - a +4 antimagic broad axe
Armour
 b - the +15 Maxwell's patent armour (worn) {-Cast -Tele rElec MR+ rCorr}
   (You found it in the Dungeon)

   It insulates you from electricity.
   It affects your resistance to hostile enchantments.
   It prevents spellcasting.
   It prevents most forms of teleportation.
   It provides partial protection from all sources of acid and corrosion.
 B - a +0 helmet of see invisible (worn)
 E - the +18 shield of the Gong (worn) {rElec rN+ MR+ EV-5}
   (You found it in the Dungeon)

   It affects your evasion (-5).
   It insulates you from electricity.
   It protects you from negative energy.
   It affects your resistance to hostile enchantments.
Jewellery
 o - the amulet of Isumne {Inacc rN+ Str+2}
   (You found it in the Dungeon)

   [amulet of inaccuracy]

   It reduces the accuracy of all your attacks.
   It affects your strength (+2).
   It protects you from negative energy.
 y - the ring "Vupoitwiurr" {rElec rN+ Str-2 Int+9}
   (You found it in the Dungeon)

   [ring of positive energy]

   It affects your strength (-2).
   It affects your intelligence (+9).
   It insulates you from electricity.
   It protects you from negative energy.
 z - an uncursed ring of magical power
 A - an uncursed ring of flight
 C - a +6 ring of strength
 D - a +6 ring of strength (left hand)
 G - the amulet of Diczoicud {Reflect +Blink rF- Str+5 SH+3 SInv}
   (You found it in the Dungeon)

   [amulet of reflection]

   It shields you and reflects attacks.
   It affects your strength (+5).
   It makes you vulnerable to fire.
   It lets you see invisible.
   It lets you blink.
   It affects your SH (+3).
 H - an uncursed ring of magical power
 I - the ring of Amorality {Ice Dex+3 SInv}
   (You found it in the Dungeon)

   [ring of ice]

   It enhances your ice magic.
   It affects your dexterity (+3).
   It makes you vulnerable to fire.
   It protects you from cold.
   It lets you see invisible.
 J - the cursed ring "Ukesmuut" {rF+ MR+ Str-3}
   (You found it in the Dungeon)

   [ring of strength]

   It affects your strength (-3).
   It protects you from fire.
   It affects your resistance to hostile enchantments.
   It has a curse placed upon it.
 L - the amulet "Maneof" (around neck) {Acrobat rF+ Str+3 Int-3}
   (You found it in the Dungeon)

   [amulet of the acrobat]

   It helps you evade while moving and waiting.
   It affects your strength (+3).
   It affects your intelligence (-3).
   It protects you from fire.
 O - the cursed ring "Qodor" (right hand) {rC- MR++ Str-3 Dex-2 Slay+4}
   (You found it in the Dungeon)

   [ring of strength]

   It affects your strength (-3).
   It affects your dexterity (-2).
   It affects your accuracy and damage with ranged weapons and melee attacks
   (+4).
   It makes you vulnerable to cold.
   It affects your resistance to hostile enchantments.
   It has a curse placed upon it.
Wands
 u - a wand of disintegration (7)
 v - a wand of iceblast (7)
 w - a wand of acid (7)
Scrolls
 i - 4 scrolls of blinking
 j - 7 scrolls of fog
 k - a scroll of holy word
 l - 5 scrolls of identify
 m - 5 scrolls of remove curse
 n - 2 scrolls of fear
 x - 4 scrolls of enchant weapon
 M - a scroll of brand weapon
Potions
 d - 10 potions of curing
 e - 14 potions of heal wounds
 f - 10 potions of haste
 h - 3 potions of berserk rage
 p - 2 potions of invisibility
 q - 4 potions of resistance
 r - a potion of experience
 s - 5 potions of agility
 t - 5 potions of might
Comestibles
 c - 8 rations


   Skills:
 + Level 15.5 Fighting
 + Level 13.3 Axes
 + Level 15.3 Armour
 + Level 12.2 Dodging
 + Level 14.7 Shields


You had 11 spell levels left.
You didn't know any spells.
Your spell library was empty.

Dungeon Overview and Level Annotations

Branches:
Dungeon (1/1)

Altars:
Ashenzari
Cheibriados
Dithmenos
Elyvilon
Fedhas
Gozag
Hepliaklqana
Kikubaaqudgha
Makhleb
Nemelex Xobeh
Okawaru
Qazlal
Ru
Sif Muna
Trog
Uskayaw
Vehumet
Wu Jian
Xom
Yredelemnul
Zin
The Shining One
Beogh
Jiyva
Lugonu


Innate Abilities, Weirdness & Mutations

You are resistant to torment.
Your stone body is resilient. (AC +8)
You are immune to poison.
You resist negative energy. (rN+)
You are resistant to electric shocks. (rElec)
You can survive without breathing.
You are immune to petrification.
You are immune to rotting.


Message History

The Executioner is heavily wounded.
You slash Aliez! You open a gate to Pandemonium!
A demon appears!
You slash Elan! You slice the infernal warmonger!! You slash the hellwing!
Visions of slaying Elan flood into your mind.
The Executioner completely misses you. You block the Executioner's attack. x2
The ufetubus hits your orange demon.
The ufetubus closely misses your orange demon.
The Executioner hits you but does no damage.
You block the Executioner's attack.
The Executioner hits you but does no damage.
Aliez hits you but does no damage.
The Brimstone Fiend hits your orange demon!
The Brimstone Fiend barely misses your orange demon.
The Brimstone Fiend hits your orange demon!
The ufetubus closely misses your orange demon.
The ufetubus hits your orange demon.
Your rust devil hits Aliez!
Aliez seems to be corroded for longer.
The hellwing hits your rust devil.
The hellwing barely misses your rust devil.
The infernal warmonger hits you with a +0 vampiric great sword!!
You die...

▓...)©....▓
▓..:))|))[..▓▓▓▓▓▓▓▓▓▓▓
▓...)!|)"...▓...8©8...▓
▓...........▓...|.[)..▓
▓...........▓...§.)...▓
▓...514.3...▓.........▓
▓...43&35...▓.........▓
..▓5&&14▓..▓.........▓
▓.▓6@4▓.▓ ▓....††...▓
▓..▓..4..▓..▓.▓..†..▓.▓
▓.....©.....▓....©....▓
▓▓▓▓▓▓▓▓▓▓▓▓▓▓▓▓▓▓▓▓▓▓▓
▓...8©8...▓...8©8...▓..
▓..|)[[:}.▓..).[::..▓..
▓...:).)..▓..:)})...▓..
▓.........▓.........▓..
▓.........▓.........▓..


You could see Aliez, Elan, Quma, a Brimstone Fiend, an infernal warmonger, an
Executioner, an orange demon, 2 hellwings, a sixfirhy, a smoke demon, a
ynoxinul, 3 ufetubi, a friendly orange demon and a friendly rust devil.

Vanquished Creatures
  A draconian annihilator (D)
  A green draconian (D)
  A yellow draconian (D)
  4 purple draconians (D)
  A white draconian (D)
  3 red draconians (D)
  A two-headed ogre (D)
  An orb spider (D)
  A wolf spider (D)
  2 demonic crawlers (D)
  2 jumping spiders (D)
  4 hornets (D)
  2 slime creatures (D)
  2 air elementals (D)
  3 redbacks (D)
  A tarantella (D)
  4 spriggans (D)
  A golden eye (D)
  An insubstantial wisp (D)
  A water moccasin (D)
  2 floating eyes (D)
  A porcupine (D)
  An orc warrior (D)
  2 eyes of draining (D)
  2 wolves (D)
  3 scorpions (D)
  2 orc priests (D)
  A jelly (D)
  4 orc wizards (D)
  2 oozes (D)
  2 orcs (D)
  2 ball pythons (D)
61 creatures vanquished.

Vanquished Creatures (collateral kills)
  3 two-headed ogres (D)
  A jumping spider (D)
  2 air elementals (D)
  A spriggan (D)
  A tarantella (D)
  A yak (D)
  A porcupine (D)
  An orc warrior (D)
  An ogre (D)
  An orc wizard (D)
  An iguana (D)
14 creatures vanquished.

Vanquished Creatures (others)
  2 spatial maelstroms (D)
  An insubstantial wisp (D)
3 creatures vanquished.

Grand Total: 78 creatures vanquished

Notes
Turn   | Place    | Note
-------+----------+-------------------------------------------
     0 | D        | Fang the Gargoyle Berserker began the quest for the Orb.
     0 | D        | Reached XP level 1. HP: 14/14 MP: 1/1
     1 | D        | Found a blossoming altar of Fedhas.
     2 | D        | Found the +6 Majin-Bo {vamp, Archmagi MP+6 Int+6}
     2 | D        | Found the +7 great mace "Firestarter" {inner flame, rF++}
     3 | D        | Found a viscous altar of Jiyva.
     3 | D        | Found a hazy altar of Hepliaklqana.
     3 | D        | Found a transporter.
     3 | D        | Found an opulent altar of Gozag.
     3 | D        | Found an ancient bone altar of Kikubaaqudgha.
     3 | D        | Found a corrupted altar of Lugonu.
     6 | D        | Banished a spatial maelstrom
    15 | D        | Found a burning altar of Makhleb.
    17 | D        | Found a stormy altar of Qazlal.
    17 | D        | Found an iron altar of Okawaru.
    17 | D        | Found a sacrificial altar of Ru.
    17 | D        | Found a sparkling altar of Nemelex Xobeh.
    17 | D        | Found a shimmering blue altar of Sif Muna.
    17 | D        | Found a bloodstained altar of Trog.
    24 | D        | Found the +9 heavy crossbow "Sniper" {velocity, Acc+∞ SInv}
    24 | D        | Found the +10 dark maul {crush}
    24 | D        | Found the +15 Maxwell's patent armour {-Cast -Tele rElec
                  | MR+ rCorr}
    24 | D        | Found the +18 shield of the Gong {rElec rN+ MR+ EV-5}
    24 | D        | Found the cursed +14 obsidian axe {chop, +Fly SInv *Curse}
    31 | D        | Banished a spatial maelstrom
    78 | D        | Entered arena 2.
    78 | D        | Noticed an orc wizard
    78 | D        | Noticed an orc priest
    78 | D        | Found a transporter.
    80 | D        | Killed an orc priest
    80 | D        | Reached XP level 2. HP: 20/20 MP: 2/2
    80 | D        | Reached XP level 3. HP: 24/24 MP: 3/3
    82 | D        | Reached ** piety under Trog
    82 | D        | Reached skill level 5 in Fighting
    82 | D        | Reached XP level 4. HP: 31/31 MP: 4/4
    91 | D        | Entered arena 3.
    91 | D        | Noticed a water moccasin
    91 | D        | Found a transporter.
    96 | D        | Killed a water moccasin
    96 | D        | Reached skill level 5 in Axes
    96 | D        | Reached skill level 5 in Armour
    96 | D        | Reached XP level 5. HP: 37/37 MP: 5/5
   103 | D        | Got the amulet of Isumne {Inacc rN+ Str+2}
   105 | D        | Entered arena 4.
   105 | D        | Noticed a slime creature
   105 | D        | Noticed a slime creature
   105 | D        | Noticed an eye of draining
   105 | D        | Noticed a golden eye
   105 | D        | Found a transporter.
   107 | D        | Killed a golden eye
   107 | D        | Reached *** piety under Trog
   107 | D        | Reached skill level 5 in Dodging
   107 | D        | Reached XP level 6. HP: 44/44 MP: 6/6
   110 | D        | Killed a slime creature
   110 | D        | Reached XP level 7. HP: 47/49 MP: 3/7
   112 | D        | Killed a slime creature
   119 | D        | Entered arena 5.
   119 | D        | Noticed a yak
   119 | D        | Found a transporter.
   121 | D        | Reached **** piety under Trog
   121 | D        | Reached XP level 8. HP: 56/56 MP: 1/8
   122 | D        | Killed a yak
   131 | D        | Got the ring "Vupoitwiurr" {rElec rN+ Str-2 Int+9}
   146 | D        | Entered arena 6.
   146 | D        | Noticed a two-headed ogre
   146 | D        | Noticed a two-headed ogre
   146 | D        | Noticed a two-headed ogre
   146 | D        | Noticed a two-headed ogre
   146 | D        | Found a transporter.
   149 | D        | Killed a two-headed ogre
   149 | D        | Reached skill level 10 in Fighting
   150 | D        | Killed a two-headed ogre
   150 | D        | Reached ***** piety under Trog
   150 | D        | Reached skill level 10 in Armour
   150 | D        | Reached XP level 9. HP: 63/63 MP: 4/9
   152 | D        | Killed a two-headed ogre
   152 | D        | Killed a two-headed ogre
   152 | D        | Reached skill level 10 in Shields
   171 | D        | Got the amulet of Diczoicud {Reflect +Blink rF- Str+5 SH+3
                  | SInv}
   177 | D        | Entered arena 7.
   178 | D        | Found the +6 arbalest "Damnation" {damnation}
   178 | D        | Found a transporter.
   181 | D        | Paralysed by a floating eye for 4 turns
   185 | D        | Received a gift from Trog
   185 | D        | Reached skill level 10 in Axes
   185 | D        | Reached XP level 10. HP: 71/71 MP: 0/10
   195 | D        | Entered arena 8.
   196 | D        | Found a transporter.
   200 | D        | Received a gift from Trog
   201 | D        | Reached ****** piety under Trog
   410 | D        | Entered arena 9.
   410 | D        | Noticed a spriggan rider
   411 | D        | Found the +3 robe of Clouds {+Thunder rCloud rElec}
   411 | D        | Found a transporter.
   417 | D        | Received a gift from Trog
   420 | D        | Killed a spriggan rider
   435 | D        | Got the ring of Amorality {Ice Dex+3 SInv}
   439 | D        | Entered arena 10.
   440 | D        | Found a transporter.
   445 | D        | Received a gift from Trog
   445 | D        | Reached skill level 10 in Dodging
   457 | D        | Got the cursed ring "Ukesmuut" {rF+ MR+ Str-3}
   462 | D        | Got the amulet "Maneof" {Acrobat rF+ Str+3 Int-3}
   485 | D        | Entered arena 11.
   486 | D        | Found a transporter.
   492 | D        | Received a gift from Trog
   492 | D        | Reached XP level 11. HP: 56/78 MP: 11/11
   586 | D        | Entered arena 12.
   586 | D        | Noticed an orb spider
   587 | D        | Noticed a wolf spider
   588 | D        | Found a transporter.
   592 | D        | Received a gift from Trog
   593 | D        | Killed a wolf spider
   601 | D        | Received a gift from Trog
   610 | D        | Killed an orb spider
   662 | D        | Entered arena 13.
   662 | D        | Noticed a purple draconian
   662 | D        | Noticed a purple draconian
   662 | D        | Noticed a purple draconian
   662 | D        | Noticed a green draconian
   662 | D        | Noticed a red draconian
   662 | D        | Noticed a red draconian
   662 | D        | Noticed a green draconian annihilator
   662 | D        | Noticed a yellow draconian
   663 | D        | Identified the +8 hand axe "Iwesub" {elec, +Inv rPois rN+
                  | MR-}
   663 | D        | Noticed a purple draconian
   663 | D        | Noticed a red draconian
   663 | D        | Noticed a white draconian
   665 | D        | Found a transporter.
   670 | D        | Killed a purple draconian
   670 | D        | Killed a purple draconian
   671 | D        | Killed a green draconian annihilator
   673 | D        | Killed a red draconian
   674 | D        | Killed a yellow draconian
   674 | D        | Reached XP level 12. HP: 85/86 MP: 12/12
   675 | D        | Killed a red draconian
   675 | D        | Received a gift from Trog
   677 | D        | Killed a green draconian
   677 | D        | Reached skill level 15 in Fighting
   678 | D        | Killed a purple draconian
   678 | D        | Reached skill level 15 in Armour
   680 | D        | Killed a red draconian
   682 | D        | Killed a purple draconian
   685 | D        | Killed a white draconian
   733 | D        | Got the cursed ring "Qodor" {rC- MR++ Str-3 Dex-2 Slay+4}
   907 | D        | Entered arena 14.
   908 | D        | Noticed a Brimstone Fiend
   908 | D        | Noticed Elan the pandemonium lord
   908 | D        | Noticed an infernal warmonger
   908 | D        | Noticed Quma the pandemonium lord
   909 | D        | Noticed an Executioner
   909 | D        | Noticed Aliez the pandemonium lord
   915 | D        | Mangled by an infernal warmonger

Levels and vault maps discovered:
D:        sprint_v [room_start, room_1, room_2, room_3, room_4, room_5, room_6,
          room_7, room_8, room_9, room_10, room_11, room_12, room_13, room_14,
          room_15, room_16, room_17, room_18, room_19, room_20, room_21,
          room_22, room_23, room_24, room_25, room_26, room_27]

Skill      XL: |  1  2  3  4  5  6  7  8  9 10 11 12 |
---------------+-------------------------------------+-----
Fighting       | 4 5 6 7 8 9 10 11 13 14 15 | 15.5
Axes           | 3 4 5 6 7 8 10 11 12 13 | 13.3
Armour         | 3 4 5 6 7 8 10 11 12 14 15 | 15.3
Dodging        | 2 3 4 5 6 7 8 10 11 12 | 12.2
Shields        | 3 4 6 7 9 10 12 13 14 | 14.7

Action                   |  1- 3 |  4- 6 |  7- 9 | 10-12 || total
-------------------------+-------+-------+-------+-------++-------
Melee: Broad axe         |     3 |     9 |    14 |    73 ||    99
Invok: Berserk           |       |       |       |     2 ||     2
  Use: Scroll            |       |       |       |     1 ||     1
 Stab: Distracted        |       |       |       |     3 ||     3
  Eat: Chunk             |       |       |       |     2 ||     2
Armor: Plate armour      |     2 |     4 |     6 |    51 ||    63
Dodge: Dodged            |       |       |     1 |    16 ||    17
Block: Shield            |     2 |    14 |    20 |   118 ||   154
